 Dungeon Crawl Stone Soup version 0.24-a0-375-g4de66ed42b (webtiles) character file.

Game seed: 5959620354432244245

2077 Marnok the Cleaver (level 9, -3/79 HPs)
             Began as a Minotaur Fighter on May 31, 2019.
             Was a Follower of Wu Jian.
             Slain by an iguana (8 damage)
             ... on level 6 of the Dungeon.
             The game lasted 00:16:14 (5774 turns).

Marnok the Cleaver (Minotaur Fighter)               Turns: 5774, Time: 00:16:15

Health: -3/79      AC: 10    Str: 24    XL:     9   Next: 6%
Magic:  12/12      EV: 11    Int:  5    God:    Wu Jian [*.....]
Gold:   278        SH: 11    Dex: 10    Spells: 13/13 levels left

rFire    . . .     SeeInvis .   a - +0 war axe
rCold    . . .     Gourm    .   c - +0 shield
rNeg     . . .     Faith    .   b - +0 scale mail
rPois    .         Spirit   .   (helmet restricted)
rElec    .         Reflect  .   o - +0 cloak
rCorr    .         Harm     .   (no gloves)
MR       .....                  q - +0 pair of boots
Stlth    +.........             d - amulet of rage
HPRegen  0.23/turn              (no ring)
MPRegen  0.13/turn              (no ring)

@: no status effects
A: retaliatory headbutt, horns 2
a: Renounce Religion, Evoke Berserk Rage


You were on level 6 of the Dungeon.
You worshipped Wu Jian.
Wu Jian was aware of your devotion.
You were not hungry.

You visited 1 branch of the dungeon, and saw 6 of its levels.

You collected 278 gold pieces.

Inventory:

Hand Weapons
 a - a +0 war axe (weapon)
 j - a +3 quarterstaff of chaos
 k - a +2 falchion of flaming
 s - a +1 dagger of electrocution
 u - a +1 dagger of venom
Armour
 b - a +0 scale mail (worn)
 c - a +0 shield (worn)
 o - a +0 cloak (worn)
 q - a +0 pair of boots (worn)
Jewellery
 d - an amulet of rage (around neck)
Wands
 p - a wand of random effects (15)
Scrolls
 g - 2 scrolls of amnesia
 h - 4 scrolls of identify
 i - 3 scrolls of enchant weapon {unknown}
 m - 3 scrolls of remove curse
 n - a scroll of noise {unknown}
 t - a scroll of magic mapping {unknown}
Potions
 l - a potion of magic
 v - a potion of flight
Comestibles
 f - 13 rations
 x - 2 chunks of flesh


   Skills:
 + Level 7.5 Fighting
 + Level 8.5 Axes
 + Level 8.1 Armour
 + Level 5.1 Dodging
 + Level 3.7 Stealth
 + Level 8.2 Shields
 + Level 2.6 Spellcasting


You had 13 spell levels left.
You didn't know any spells.
Your spell library was empty.

Dungeon Overview and Level Annotations

Branches:
Dungeon (6/15)             Temple (0/1) D:6

Altars:
Ashenzari
Makhleb
Okawaru
Sif Muna
Wu Jian

Shops:
D:5 :

Annotations:
D:5 Duvessa
D:6 Prince Ribbit


Innate Abilities, Weirdness & Mutations

You reflexively headbutt those who attack you in melee.
You have a pair of horns on your head.


Message History

The quokka barely misses you.
You slash the quokka!
You kill the quokka!
The Council accepts your kill.
The centaur shoots an arrow.
You block the arrow.
The centaur shoots an arrow.
You block the arrow.
You lunge at the centaur.
You slash the centaur! Your headbutt misses the centaur.
The centaur is severely wounded.
The centaur unwields a +0 shortbow.
The centaur barely misses you. You furiously retaliate!
You headbutt the centaur!
You kill the centaur!
The Council accepts your kill.
You see here a quokka corpse.
You block the iguana's attack.
Things that are here:
a +0 shortbow; 8 arrows; a centaur corpse You hit the iguana but do no damage.
Your headbutt misses the iguana. The iguana bites you!
You die...

##. ####..(### #..
##(## #.# #o# #)#
########r# #.#
#.l(.co#(## #.#
#o####.l$.# #(###.#
#.....#
#.#†##)####....#....
#.###@l..............
##
#.##......####.##..
#.# ######## .# # ##
. #


You could see an iguana.

Vanquished Creatures
  Grinder (D:5)
  A black bear (D:4)
  An ice beast (D:5)
  2 ogres
  2 centaurs (D:6)
  A bullfrog (D:4)
  A scorpion (D:4)
  Dowan (D:5)
  A water moccasin skeleton (D:5)
  3 crimson imps
  4 hounds
  4 orc priests
  7 orc wizards
  Crazy Yiuf (D:2)
  A centaur skeleton (D:4)
  Ijyb (D:5)
  Natasha (thrice) (D:4)
  4 worker ants
  A hound skeleton (D:4)
  3 gnolls (D:5)
  7 adders
  2 shadow imps (D:6)
  2 adder zombies (D:5)
  A worm (D:3)
  A dart slug (D:1)
  7 leopard geckos
  27 orcs
  A ball python (D:1)
  6 giant cockroaches
  9 goblins
  7 hobgoblins
  8 jackals
  8 kobolds
  4 quokkas
  6 bats
  5 frilled lizards
  7 rats
151 creatures vanquished.

Vanquished Creatures (collateral kills)
  An orc (D:6)
1 creature vanquished.

Vanquished Creatures (others)
  A hound (D:6)
1 creature vanquished.

Grand Total: 153 creatures vanquished

Notes
Turn   | Place    | Note
-------+----------+-------------------------------------------
     0 | D:1      | Marnok the Minotaur Fighter began the quest for the Orb.
     0 | D:1      | Reached XP level 1. HP: 19/19 MP: 0/0
    29 | D:1      | Found a shattered altar of Ashenzari.
   118 | D:1      | Reached XP level 2. HP: 27/27 MP: 1/1
   796 | D:2      | Reached XP level 3. HP: 33/33 MP: 2/2
   828 | D:2      | Found a faded altar of an unknown god.
  1342 | D:2      | Reached XP level 4. HP: 40/40 MP: 3/3
  1634 | D:2      | Found a runed translucent door.
  1635 | D:2      | Noticed Crazy Yiuf
  1645 | D:2      | Killed Crazy Yiuf
  1825 | D:3      | Reached skill level 1 in Dodging
  1838 | D:3      | Reached XP level 5. HP: 13/51 MP: 3/8
  1843 | D:3      | Reached XP level 6. HP: 24/58 MP: 3/9
  3100 | D:4      | Reached XP level 7. HP: 36/64 MP: 10/10
  3193 | D:4      | Noticed Natasha
  3198 | D:4      | Killed Natasha
  3507 | D:4      | Noticed Natasha
  3515 | D:4      | Killed Natasha
  3557 | D:4      | Noticed Natasha
  3562 | D:4      | Killed Natasha
  3889 | D:4      | Found an iron altar of Okawaru.
  3939 | D:4      | Reached skill level 5 in Dodging
  3961 | D:4      | Found an ornate altar of the Wu Jian Council.
  3961 | D:4      | Found a burning altar of Makhleb.
  3964 | D:4      | Became a worshipper of the Wu Jian Council
  3991 | D:4      | Found a deep blue altar of Sif Muna.
  4081 | D:4      | Reached XP level 8. HP: 69/73 MP: 11/11
  4187 | D:5      | Entered Level 5 of the Dungeon
  4242 | D:5      | Noticed Duvessa
  4242 | D:5      | Noticed Dowan
  4248 | D:5      | Noticed Ijyb
  4251 | D:5      | Killed Dowan
  4272 | D:5      | Found Nureir's Book Emporium.
  4787 | D:5      | Noticed Grinder
  4801 | D:5      | Killed Ijyb
  4820 | D:5      | Paralysed by Grinder for 6 turns
  5010 | D:5      | Paralysed by Grinder for 4 turns
  5032 | D:5      | Killed Grinder
  5337 | D:5      | Reached * piety under Wu Jian
  5612 | D:6      | Found a staircase to the Ecumenical Temple.
  5708 | D:6      | Noticed Prince Ribbit
  5714 | D:6      | Reached XP level 9. HP: 38/79 MP: 12/12
  5760 | D:6      | HP: 1/79 [Prince Ribbit (8)]
  5774 | D:6      | Slain by an iguana

Levels and vault maps discovered:
D:1:      scummos_arrival_simple_fountains, layout_basic, minmay_fountain_box,
          evilmike_ruin_ashenzari
D:2:      layout_loops_ring, chequers_ecumenical_altar_simple_redux,
          first_ration, uniq_crazy_yiuf_cottage
D:3:      layout_basic
D:4:      layout_basic, gammafunk_temple_overflow_elements, okawaru_trees_2,
          lemuel_blue_sif_altar, uniq_natasha
D:5:      layout_cave_pools, serial_shops, kennysheep_mini_moat, uniq_ijyb,
          uniq_grinder, uniq_duvessa
D:6:      cheibrodos_fzero, layout_loops_corners,
          minmay_temple_entry_antechambers, hangedman_decor_lopped,
          uniq_prince_ribbit1

Skill      XL: |  1  2  3  4  5  6  7  8 |
---------------+-------------------------+-----
Shields        | 4 6 7 8 |  8.2
Armour         | 4 6 7 8 |  8.1
Axes           | 3 6 7 8 |  8.5
Fighting       | 4 6 7 |  7.5
Dodging        | 4 5 |  5.1
Stealth        | 3 |  3.7
Spellcasting   | 2 |  2.6

Action                   |  1- 3 |  4- 6 |  7- 9 || total
-------------------------+-------+-------+-------++-------
Melee: War axe           |   104 |   139 |   181 ||   424
       Headbutt          |     9 |    21 |    29 ||    59
Invok: Lunge             |       |       |    14 ||    14
       Whirlwind         |       |       |     2 ||     2
Evoke: Wand              |       |       |     2 ||     2
  Use: Potion            |       |     7 |     4 ||    11
       Scroll            |       |       |     6 ||     6
  Eat: Chunk             |     2 |     4 |     3 ||     9
       Ration            |       |       |     2 ||     2
Armor: Scale mail        |    64 |    56 |    57 ||   177
       Skin              |       |     2 |       ||     2
Dodge: Dodged            |    33 |    38 |    79 ||   150
Block: Shield            |    58 |    87 |   128 ||   273

Table legend:
 A = Non-vault XP
 B = Vault XP
 C = Vault XP percentage of total XP
 D = Non-vault monster count
 E = Vault monster count
 F = Vault count percentage of total count
                 A         B        C        D         E       F
            +---------+---------+-------+---------+---------+-------
      Total |    2198 |     607 |  21.6 |     139 |      14 |   9.2
            +---------+---------+-------+---------+---------+-------
        D:1 |      27 |       0 |   0.0 |      16 |       0 |   0.0
        D:2 |      87 |      41 |  32.0 |      26 |       1 |   3.7
        D:3 |     250 |       0 |   0.0 |      36 |       0 |   0.0
        D:4 |     860 |      35 |   3.9 |      24 |       1 |   4.0
        D:5 |     622 |     363 |  36.9 |      29 |       3 |   9.4
        D:6 |     352 |     168 |  32.3 |       8 |       9 |  52.9
            +---------+---------+-------+---------+---------+-------
